 Dungeon Crawl Stone Soup version 0.30-b1-2-g02819fbbbe (webtiles) character file.

Game seed: 4731407459187390507

7196 Mesmaeker13 the Destroyer (level 10, -6/50 HPs)
             Began as a Deep Elf Conjurer on July 26, 2023.
             Was a Priest of Sif Muna.
             Killed from afar by an acid dragon (31 damage)
             ... with a splash of acid
             ... on level 10 of the Dungeon.
             The game lasted 00:18:46 (11178 turns).

Mesmaeker13 the Destroyer (Deep Elf Conjurer)      Turns: 11178, Time: 00:18:47

Health: -6/50      AC:  9    Str:  6    XL:     10   Next: 87%
Magic:  10/24      EV: 19    Int: 26    God:    Sif Muna [***...]
Gold:   509        SH:  0    Dex: 13    Spells: 12/26 levels left

rFire   . . .        B - +3 mace (venom)
rCold   . . .        (no shield)
rNeg    . . .        M - +3 leather armour
rPois   .            (no helmet)
rElec   .            A - +1 cloak
rCorr   .            j - +0 pair of gloves
SInv    .            (no boots)
Will    ++...        (no amulet)
Stlth   ++           E - ring of willpower
HPRegen 0.28/turn    s - +5 ring of evasion
MPRegen 0.19/turn

%: no passive effects
@: no status effects
A: no striking features
a: Renounce Religion, Channel Magic, Forget Spell


You were on level 10 of the Dungeon.
You worshipped Sif Muna.
Sif Muna was most pleased with you.
You visited 1 branch of the dungeon, and saw 10 of its levels.

You collected 509 gold pieces.

Inventory:

Hand Weapons
 f - a +1 whip of holy wrath
 B - a +3 mace of venom (weapon)
Missiles
 i - a curare-tipped dart (quivered)
Armour
 j - a +0 pair of gloves (worn)
 m - +0 swamp dragon scales
 A - a +1 cloak (worn)
 M - a +3 leather armour (worn)
Jewellery
 k - a +6 ring of strength
 o - a ring of fire
 q - a ring of ice
 s - a +5 ring of evasion (right hand)
 y - the ring "Riggolue" {rN+ AC+4 Int-5 SInv}
   (You took it off a kobold brigand on level 8 of the Dungeon)

   [ring of protection]

   AC:        It affects your AC (+4).
   Int:       It affects your intelligence (-5).
   rN:        It protects you from negative energy.
   SInv:      It lets you see invisible.
 E - a ring of willpower (left hand)
Wands
 H - a wand of flame (2)
 J - a wand of light (4)
Scrolls
 e - 2 scrolls of vulnerability {unknown}
 g - a scroll of blinking
 h - 8 scrolls of teleportation
 p - 3 scrolls of immolation
 w - 2 scrolls of torment
 x - a scroll of acquirement {unknown}
 z - 2 scrolls of noise
 C - 2 scrolls of fear
 F - a scroll of amnesia
 I - a scroll of fog {unknown}
Potions
 b - 2 potions of magic
 c - a potion of brilliance
 d - 4 potions of might
 l - 3 potions of flight
 n - a potion of cancellation {unknown}
 r - a potion of ambrosia {unknown}
 t - a potion of mutation {unknown}
 u - 2 potions of resistance {unknown}
 v - a potion of heal wounds {unknown}
 D - a potion of haste {unknown}
 G - a potion of attraction {unknown}
 K - a potion of lignification
 L - a potion of curing


   Skills:
 + Level 3.3 Armour
 - Level 8.5 Dodging
 - Level 2.4 Stealth
 - Level 8.5 Spellcasting
 + Level 10.0 Conjurations
 + Level 9.7 Hexes
 + Level 2.1 Summonings
 + Level 5.1 Air Magic
 - Level 5.1 Poison Magic


You had 12 spell levels left.
You knew the following spells:

 Your Spells              Type           Power      Damage    Failure   Level
a - Magic Dart            Conj           100%       1d8       1%          1
b - Searing Ray           Conj           100%       2d8       1%          2
c - Fulminant Prism       Conj/Hex       29%        3d14      1%          4
d - Mephitic Cloud        Conj/Pois/Air  46%        N/A       1%          3
e - Summon Lightning Spi  Summ/Air       30%        N/A       19%         4

Your spell library contained the following spells:

 Spells                   Type           Power      Damage    Failure   Level
 Momentum Strike          Conj/Tloc      74%        3d10      1%          2
 Dazzling Flash           Conj/Hex       100%       N/A       1%          3
 Call Imp                 Summ           44%        N/A       4%          2
 Apportation              Tloc           22%        N/A       9%          1
 Beastly Appendage        Tmut           22%        N/A       9%          1
 Necrotise                Necr           44%        1d6       9%          1
 Spider Form              Tmut/Pois      24%        N/A       9%          3
 Anguish                  Hex/Necr       18%        N/A       11%         4
 Iskenderun's Mystic Bla  Conj/Tloc      37%        2d9       11%         4
 Silence                  Hex/Air        24%        N/A       11%         5
 Blink                    Tloc           22%        N/A       12%         2
 Lesser Beckoning         Tloc           22%        N/A       12%         2
 Wereblood                Tmut           11%        N/A       12%         2
 Frozen Ramparts          Ice            22%        1d4       24%         3
 Vampiric Draining        Necr           11%        2d6       24%         3
 Summon Ice Beast         Ice/Summ       16%        N/A       45%         4
 Alistair's Intoxication  Tmut/Pois      16%        N/A       61%         5
 Ice Form                 Ice/Tmut       11%        N/A       63%         4
 Enfeeble                 Hex            28%        N/A       77%         7
 Agony                    Necr           11%        N/A       92%         5
 Storm Form               Tmut/Air       12%        N/A       100%        7
 Maxwell's Capacitive Co  Air            19%        ∞         100%        8


Dungeon Overview and Level Annotations

Branches:
Dungeon (10/15)            Temple (0/1) D:5            Lair (0/5) D:8
    Orc: D:9-12

Altars:
Cheibriados
Dithmenos
Fedhas
Gozag
Hepliaklqana
Kikubaaqudgha
Sif Muna
Trog
Wu Jian
Zin
The Shining One

Shops:
D:6 (

Annotations:
D:4 exclusions: upstairs and 3 more exclusions
D:7 2 transporters, Manslay's ghost, novice OpCj


Message History

The magic dart hits the orc priest.
You kill the orc priest!
Sif Muna accepts your kill.
Unknown command.
An acid dragon comes into view.
Casting: Magic Dart (safe; 1% risk of failure)
Confirm with . or Enter, or press ? or * to list all spells.
Aiming: Fulminant Prism (dangerous; 1% risk of failure)
Press: ? - help, Dir - move target You conjure a prism of explosive energy!
The acid dragon roars!
A fulminant prism comes into view.
Found a leather armour.
Your fulminant prism crackles loudly.
Your fulminant prism explodes!
The blast of energy engulfs the acid dragon!!
The acid dragon is severely wounded.
Unknown command.
Casting: Fulminant Prism (dangerous; 1% risk of failure)
Confirm with . or Enter, or press ? or * to list all spells.
Aiming: Magic Dart (safe; 1% risk of failure)
Press: ? - help, Shift-Dir - straight line, f - acid dragon
Aim: an acid dragon (severely wounded, 100% to hit)
The magic dart hits the acid dragon but does no damage.
The acid dragon is severely wounded.
Unknown command.
Casting: Magic Dart (safe; 1% risk of failure)
Confirm with . or Enter, or press ? or * to list all spells.
You can't see any susceptible monsters within range! (Use Z to cast anyway.)
Casting: Magic Dart (safe; 1% risk of failure)
Confirm with . or Enter, or press ? or * to list all spells.
Aiming: Magic Dart (safe; 1% risk of failure)
Press: ? - help, Shift-Dir - straight line, f/p - acid dragon
Aim: an acid dragon (severely wounded, 100% to hit)
The magic dart hits the acid dragon.
The acid dragon is severely wounded.
The acid dragon spits acid at you. The splash of acid hits you!!
Ouch! That really hurt!
You die...

#..# ##..# ##.##
##... ... ##.##
###### ....
##.####..# #....
##......## #...[.
######..####......
###............
##.)............
#.)D)...@.......
#......###########...
###...)# #..o..
#..... #..#### #..
...


You could see an acid dragon (catching breath).

Vanquished Creatures
  A two-headed ogre (D:10)
  Pikel (D:9)
  Maggie (D:6)
  2 trolls
  Grinder (D:4)
  A wraith (D:10)
  2 wyverns
  Grum (D:8)
  Edmund (D:4)
  Menkaure (D:4)
  3 water moccasins
  3 ice beasts
  A sky beast (D:7)
  2 black bears (D:6)
  3 orc warriors
  2 ogres (D:6)
  3 wolves (D:8)
  3 centaurs
  A lemure (D:9)
  2 kobold brigands
  A phantom (D:6)
  6 bullfrogs
  Blork the orc (D:5)
  A gnoll sergeant (D:7)
  2 scorpions (D:5)
  11 wights
  3 electric eels (D:8)
  3 howler monkeys
  A jelly (D:6)
  Crazy Yiuf (D:3)
  4 orc priests
  10 hounds
  An iguana (D:5)
  5 orc wizards
  Natasha (thrice) (D:2)
  10 adders
  5 gnolls (D:7)
  A shadow imp (D:8)
  A white imp (D:8)
  An ufetubus (D:6)
  3 dart slugs
  20 orcs
  3 endoplasms
  8 giant cockroaches
  7 goblins
  11 hobgoblins
  8 jackals
  12 kobolds
  8 quokkas
  10 ball pythons
  6 bats
  8 frilled lizards
  11 rats
221 creatures vanquished.

Vanquished Creatures (others)
  36 fulminant prisms
  2 fungi (D:3)
38 creatures vanquished.

Grand Total: 259 creatures vanquished

Notes
Turn   | Place    | Note
-------+----------+-------------------------------------------
     0 | D:1      | Mesmaeker13 the Deep Elf Conjurer began the quest for the
                  | Orb.
     0 | D:1      | Reached XP level 1. HP: 10/10 MP: 6/6
     6 | D:1      | Noticed a water moccasin
     6 | D:1      | Noticed a killer bee
     7 | D:1      | Noticed a komodo dragon
     7 | D:1      | Noticed a swamp drake
   162 | D:1      | Reached XP level 2. HP: 15/15 MP: 0/8
   724 | D:1      | Reached XP level 3. HP: 17/19 MP: 3/10
   727 | D:1      | Learned a level 2 spell: Searing Ray
   952 | D:2      | Noticed Natasha
   967 | D:2      | Killed Natasha
   968 | D:2      | Reached skill level 5 in Conjurations
  1193 | D:2      | Reached XP level 4. HP: 24/24 MP: 10/12
  1263 | D:2      | Noticed Natasha
  1268 | D:2      | Killed Natasha
  1292 | D:2      | Noticed Natasha
  1302 | D:2      | Killed Natasha
  1397 | D:2      | Found a faded altar of an unknown god.
  1622 | D:2      | Reached XP level 5. HP: 28/28 MP: 9/14
  2257 | D:3      | Found a shimmering blue altar of Sif Muna.
  2274 | D:3      | Became a worshipper of Sif Muna the Loreminder
  2726 | D:3      | Reached skill level 5 in Spellcasting
  3204 | D:3      | Found a snail-covered altar of Cheibriados.
  3370 | D:3      | Found a runed translucent door.
  3371 | D:3      | Noticed Crazy Yiuf
  3408 | D:3      | Learned a level 4 spell: Fulminant Prism
  3525 | D:4      | Reached * piety under Sif Muna
  3536 | D:4      | Noticed Grinder
  3546 | D:4      | Noticed Menkaure
  3734 | D:4      | Noticed Edmund
  3734 | D:4      | Found an opulent altar of Gozag.
  3761 | D:5      | Entered Level 5 of the Dungeon
  3768 | D:5      | Reached skill level 1 in Hexes
  3768 | D:5      | Reached XP level 6. HP: 32/32 MP: 6/16
  3880 | D:5      | Noticed an ice beast
  3887 | D:5      | Killed an ice beast
  3888 | D:5      | Reached skill level 5 in Dodging
  3888 | D:5      | Reached skill level 6 in Conjurations
  4022 | D:5      | You fall into a shaft and drop 2 floors!
  4123 | D:7      | Noticed a water moccasin
  4137 | D:7      | Killed a water moccasin
  4302 | D:7      | Reached XP level 7. HP: 36/36 MP: 10/18
  4871 | D:6      | Reached XP level 8. HP: 41/41 MP: 13/20
  4922 | D:6      | Reached skill level 7 in Conjurations
  4940 | D:6      | Reached skill level 5 in Hexes
  5228 | D:5      | Found a shadowy altar of Dithmenos.
  5228 | D:5      | Found a glowing golden altar of the Shining One.
  5318 | D:5      | Noticed Blork the orc
  5326 | D:5      | Killed Blork the orc
  5627 | D:5      | Found a staircase to the Ecumenical Temple.
  5819 | D:4      | Reached ** piety under Sif Muna
  6020 | D:4      | Killed Edmund
  6030 | D:4      | Killed Grinder
  6139 | D:4      | Killed Menkaure
  6149 | D:4      | Reached skill level 8 in Conjurations
  6281 | D:4      | Found a blossoming altar of Fedhas.
  6356 | D:4      | Reached XP level 9. HP: 45/45 MP: 18/23
  6741 | D:3      | Killed Crazy Yiuf
  6852 | D:6      | Learned a level 3 spell: Mephitic Cloud
  6976 | D:6      | Reached skill level 1 in Poison Magic
  6984 | D:6      | Reached skill level 1 in Air Magic
  7284 | D:6      | Found Sikofoni's Weapon Boutique.
  7439 | D:6      | Noticed Maggie
  7448 | D:6      | Killed Maggie
  8240 | D:7      | Found a transporter.
  8247 | D:7      | Found a transporter.
  8248 | D:7      | Noticed Manslay's ghost (novice OpCj)
  8248 | D:7      | Identified the +9 great mace "Butuimeps" {heavy, Str+4}
  8429 | D:8      | Noticed a troll
  8458 | D:7      | Reached skill level 1 in Armour
  8571 | D:8      | Noticed Grum
  8577 | D:8      | Killed Grum
  8578 | D:8      | Reached skill level 9 in Conjurations
  8584 | D:8      | Reached XP level 10. HP: 40/50 MP: 6/24
  8883 | D:8      | Reached *** piety under Sif Muna
  9234 | D:8      | Identified the ring "Riggolue" {rN+ AC+4 Int-5 SInv}
  9356 | D:8      | Found a staircase to the Lair.
  9610 | D:8      | Found a hazy altar of Hepliaklqana.
  9610 | D:8      | Found an ancient bone altar of Kikubaaqudgha.
  9616 | D:8      | Found a faded altar of an unknown god.
  9620 | D:8      | Found a glowing silver altar of Zin.
  9621 | D:8      | Found an ornate altar of the Wu Jian Council.
  9971 | D:9      | Found a bloodstained altar of Trog.
 10221 | D:9      | Noticed Pikel
 10225 | D:9      | Killed Pikel
 10226 | D:9      | Reached skill level 5 in Poison Magic
 10611 | D:9      | Learned a level 4 spell: Summon Lightning Spire
 10612 | D:10     | Entered Level 10 of the Dungeon
 10934 | D:10     | Noticed a two-headed ogre
 10946 | D:10     | Killed a two-headed ogre
 10947 | D:10     | Reached skill level 1 in Summonings
 10947 | D:10     | Reached skill level 5 in Air Magic
 11170 | D:10     | Reached skill level 10 in Conjurations
 11178 | D:10     | Killed from afar by an acid dragon

Illustrated notes

Levels and vault maps discovered:
D:1:      onia_arrival_zoo_common, layout_rooms, minmay_pentomino_z2
D:2:      layout_basic, basic_ecumenical_altar, uniq_natasha
D:3:      layout_loops_corners, mainiacjoe_overflow_boulevard,
          kennysheep_slug_shrine, portal_sewer_entry_e, minmay_pentangle,
          uniq_crazy_yiuf_cottage
D:4:      layout_basic, nicolae_gozag_seed_capital, kennysheep_mini,
          uniq_menkaure, uniq_grinder, uniq_edmund
D:5:      layout_basic, nicolae_overflow_two_pavilions,
          minmay_temple_entry_fiery, uniq_blork_the_orc
D:6:      layout_basic, serial_shops, shop, uniq_maggie
D:7:      layout_basic, gammafunk_ghost_smash, hex_tiny
D:8:      layout_cave_pools, chequers_temple_overflow_minitemple,
          erik_lair_island, serial_column_ruins, column_ruins_open_large,
          column_ruins_grid_1, column_ruins_corridor_straight,
          column_ruins_open_small, column_ruins_open_small,
          column_ruins_open_medium, uniq_grum
D:9:      layout_long_grid, mainiacjoe_overflow_tiny_flanked, uniq_pikel
D:10:     layout_layer_cave, nicolae_yredelemnul_corpse_copse, uniq_lodul,
          uniq_josephine

Skill      XL: |  1  2  3  4  5  6  7  8  9 10 |
---------------+-------------------------------+-----
Dodging        | 3 4 5 6 7 8 |  8.5
Spellcasting   | 4 5 6 7 8 |  8.5
Conjurations   | 5 6 8 9 10 | 10.0
Hexes          | 1 3 4 6 8 9 |  9.7
Poison Magic   | 3 5 |  5.1
Air Magic      | 3 5 |  5.1
Armour         | 1 3 |  3.3
Summonings     | 2 |  2.1
Stealth        | |  2.4

Action                     |  1- 3 |  4- 6 |  7- 9 | 10-12 || total
---------------------------+-------+-------+-------+-------++-------
  Melee: Whip              |     6 |     4 |    13 |       ||    23
         Dagger            |       |    12 |     4 |       ||    16
         Mace              |       |       |     3 |     5 ||     8
  Throw: Dart              |       |       |     4 |     1 ||     5
   Cast: Magic Dart        |    56 |   125 |    85 |    79 ||   345
         Searing Ray       |     1 |    12 |    42 |    18 ||    73
         Fulminant Prism   |       |     1 |    18 |    17 ||    36
         Mephitic Cloud    |       |       |       |     1 ||     1
  Evoke: Wand              |       |       |       |    11 ||    11
    Use: Scroll            |       |     9 |     4 |     2 ||    15
         Potion            |       |       |     3 |       ||     3
 Armour: Robe              |     5 |     1 |     3 |     5 ||    14
         Skin              |       |       |    16 |       ||    16
  Dodge: Dodged            |    15 |    21 |    47 |    41 ||   124
